 Dungeon Crawl Stone Soup version 0.26.1-11-gd32895ea62 (webtiles) character file.

Game seed: 10100753254402453163

59 Kalagan26 the Grave Robber (level 4, 0/30 HPs)
             Began as a Human Necromancer on June 19, 2021.
             Was an Initiate of Yredelemnul.
             Killed from afar by an orc wizard (3 damage)
             ... with a magic dart
             ... on level 4 of the Dungeon.
             The game lasted 00:08:56 (3760 turns).

Kalagan26 the Grave Robber (Human Necromancer)      Turns: 3760, Time: 00:08:56

Health: 0/30       AC:  4    Str:  8    XL:     4   Next: 22%
Magic:  4/8        EV: 16    Int: 17    God:    Yredelemnul [......]
Gold:   83         SH:  0    Dex: 13    Spells: 7/8 levels left

rFire    . . .     SeeInvis .   f - +0 dagger
rCold    . . .     Faith    .   (no shield)
rNeg     . . .     Spirit   .   a - +1 robe
rPois    .         Reflect  .   (no helmet)
rElec    .         Harm     .   (no cloak)
rCorr    .         Rampage  .   (no gloves)
Will     .....                  j - +0 pair of boots
Stlth    ++........             (no amulet)
HPRegen  0.10/turn              e - +4 ring of evasion
MPRegen  0.11/turn              (no ring)

@: no status effects
A: no striking features
a: Renounce Religion


You were on level 4 of the Dungeon.
You worshipped Yredelemnul.
Yredelemnul was noncommittal.
You visited 1 branch of the dungeon, and saw 3 of its levels.

You collected 83 gold pieces.

Inventory:

Hand Weapons
 f - a +0 dagger (weapon)
Armour
 a - a +1 robe (worn)
 j - a +0 pair of boots (worn)
Jewellery
 e - a +4 ring of evasion (left hand)
Scrolls
 g - a scroll of identify {unknown}
 h - a scroll of teleportation
Potions
 b - a potion of brilliance {unknown}
 c - 2 potions of flight {unknown}
 d - a potion of curing {unknown}
 i - a potion of degeneration {unknown}


   Skills:
 + Level 0.3 Fighting
 + Level 0.2 Short Blades
 + Level 2.0 Dodging
 + Level 2.1 Stealth
 + Level 0.5 Unarmed Combat
 + Level 2.8 Spellcasting
 + Level 4.7 Necromancy


You had 7 spell levels left.
You knew the following spells:

 Your Spells              Type           Power        Failure   Level
a - Pain                  Necr           72%          2%          1

Your spell library contained the following spells:

 Spells                   Type           Power        Failure   Level
 Animate Skeleton         Necr           36%          2%          1
 Vampiric Draining        Necr           9%           8%          3
 Animate Dead             Necr           9%           26%         4
 Agony                    Necr           18%          56%         5


Dungeon Overview and Level Annotations

Branches:
Dungeon (2/15)

Altars:
Yredelemnul


Message History

The orc wizard hits you with a +0 dagger!
The orc wizard completely misses you.
Aiming: Pain (safe; 2% risk of failure)
Press: ? - help, Q - select action Shift-Dir - straight line, f/p - orc wizard
Aim: an orc wizard, wielding a +0 dagger and wearing a +0 robe (moderately wounded, fast, chance to affect: 78%)
The orc wizard writhes in agony.
The orc wizard closely misses you. The orc wizard misses you.
The orc wizard gestures at you while chanting.
The magic dart hits you.
* * * LOW HITPOINT WARNING * * *
The orc wizard gestures wildly while chanting.
The orc wizard blinks!
The orc wizard points at you and mumbles some strange words.
The magic dart hits you.
* * * LOW HITPOINT WARNING * * *
The orc wizard casts a spell at you. The magic dart hits you.
You die...
Your body rises from the dead as a mindless zombie.

#.#
#.###.≈#.#≈≈##
#.#
#..#.≈≈#.#..≈#.#
#####.#
##.###.#.#≈≈.#.#
##.....###
#...#.#.#≈≈.#.#
..oo...).#
#.###.#.#l.≈###
##.#####.#
#.#..≈#.#≈≈.#
#o#
#.##.l#.#b.##
#o# #.###l#.#b##
#.# #@#####.###
#.# #.......#
#.# #.#######
#.#######.#
#.o.o.o.o.#
###########


You could see an orc wizard (fast).

Vanquished Creatures
  2 gnolls (D:2)
  A leopard gecko (D:1)
  An orc (D:4)
  2 giant cockroaches (D:1)
  6 hobgoblins
  3 jackals (D:2)
  4 kobolds (D:1)
  A quokka (D:2)
  5 bats
  3 frilled lizards (D:1)
  4 goblins (D:1)
  3 rats (D:1)
35 creatures vanquished.

Vanquished Creatures (others)
  30 fungi (D:4)
30 creatures vanquished.

Grand Total: 65 creatures vanquished

Notes
Turn   | Place    | Note
-------+----------+-------------------------------------------
     0 | D:1      | Kalagan26 the Human Necromancer began the quest for the
                  | Orb.
     0 | D:1      | Reached XP level 1. HP: 13/13 MP: 3/3
  1320 | D:1      | Reached XP level 2. HP: 15/19 MP: 1/5
  2202 | D:1      | Reached XP level 3. HP: 23/24 MP: 4/6
  3055 | D:2      | Found a basalt altar of Yredelemnul.
  3251 | D:2      | Became a worshipper of Yredelemnul the Dark
  3424 | D:2      | Reached XP level 4. HP: 17/30 MP: 0/8
  3554 | D:2      | You fall into a shaft and drop 2 floors!
  3760 | D:4      | Killed from afar by an orc wizard

Illustrated notes

Levels and vault maps discovered:
D:1:      minmay_arrival_shattered_statue, layout_basic, serial_bayou_pond_b,
          minmay_misc_feat_iff
D:2:      layout_loops_corners, yredelemnul_altar_generic
D:4:      old_forge, layout_loops_ring, serial_shops, shop, serial_aquarium,
          aquarium_bridge_straight [aquarium_subvault_bridge,
          aquarium_subvault_window, aquarium_subvault_bridge,
          aquarium_subvault_balcony], aquarium_window_corner, aquarium_window_2,
          aquarium_window_1, aquarium_window_1, aquarium_view_2b,
          aquarium_balcony_double_3, aquarium_pool_five, uniq_pikel,
          uniq_eustachio, uniq_blork_the_orc

Action                   |  1- 3 |  4- 6 || total
-------------------------+-------+-------++-------
Melee: Unarmed           |     9 |       ||     9
       Dagger            |    24 |       ||    24
 Cast: Pain              |    60 |     9 ||    69
  Use: Scroll            |     4 |       ||     4
Armor: Robe              |     7 |       ||     7
Dodge: Dodged            |    43 |     5 ||    48
